AoeStats
← Victor Kenny

African Clearing

510492782Analyzed
4v4 RM · 10h ago on Oct 1, 2026· 29m 2s· 8 players
Game mode
Random Map
Map size
Large (8 player)
Population
200
Speed
Normal
Resources
Standard
Victory
Conquest
Starting age
Dark Age
Ending age
Imperial Age
RankedLock teamsTeams togetherTeam positionsShared explorationLock speedFull tech treeHidden civsTurbo modeCheats
Victory
Defeat
🇭🇰 Magyars · Hong Kong SAR China
1589
+16
🇨🇳 Persians · China
1514
+19
🇭🇰 Chinese · Hong Kong SAR China
1497
+20
🇭🇰 Mongols · Hong Kong SAR China
1497
+20
🇭🇰 Wei · Hong Kong SAR China
1724
-25
🇫🇮 Maya · Finland
1570
-18
🇪🇸 Vietnamese · Spain
1530
-17
🇨🇳 Huns · China
1495
-15
Sakmelo
11:07 Feudal Age
10:14 Loom
19:04 Double-Bit Axe
23:53 Castle Age
21:39 Horse Collar
25:55 Bow Saw
27:14 Scale Barding Armor
Victor Kenny
10:07 Loom
11:54 Feudal Age
16:49 Castle Age
15:48 Fletching
28:51 Bodkin Arrow
啥牌子的
5:11 Loom
13:48 Feudal Age
14:30 Double-Bit Axe
17:15 Castle Age
18:14 Bow Saw
20:28 Horse Collar
21:09 Scale Barding Armor
21:36 Husbandry
22:47 Wheelbarrow
25:07 Bloodlines
26:04 Town Watch
28:43 Chain Barding Armor
Harry Peter
3:07 Loom
12:23 Feudal Age
13:22 Double-Bit Axe
16:39 Fletching
16:50 Padded Archer Armor
19:02 Town Watch
25:01 Castle Age
25:09 Wheelbarrow
25:11 Crossbowman
25:48 Bodkin Arrow
27:10 Bow Saw
Pelopincho
3:08 Loom
12:10 Feudal Age
12:46 Double-Bit Axe
14:26 Town Watch
14:45 Fletching
17:36 Scale Mail Armor
26:26 Castle Age
25:29 Horse Collar
25:48 Horse Collar
Zaissi
8:30 Loom
11:38 Feudal Age
17:31 Castle Age
15:59 Double-Bit Axe
18:19 Horse Collar
21:52 Fletching
Random Civ Pocket
13:00 Feudal Age
13:15 Loom
14:10 Double-Bit Axe
16:41 Castle Age
17:20 Fletching
20:26 Bow Saw
20:24 Bodkin Arrow
20:30 Padded Archer Armor
24:08 Ballistics
24:05 Bloodlines
27:42 Leather Archer Armor
WCID
14:08 Feudal Age
13:39 Loom
14:53 Double-Bit Axe
16:22 Fletching
19:18 Castle Age
18:13 Padded Archer Armor
18:19 Padded Archer Armor
20:12 Bow Saw
22:52 Horse Collar
Connection lost

Rejoining the realm…

Still unreachable

The connection could not be restored.

Session expired

The server has moved on; the page needs a fresh start.